 Dungeon Crawl Stone Soup version 0.30-a0-364-gf6b3ef1049 (webtiles) character file.

Game seed: 7630872342590480379

318 purpskrrrp the Shooter (level 6, 0/44 HPs)
             Began as a Formicid Hunter on Nov 14, 2022.
             Was an Initiate of Hepliaklqana.
             Slain by a kobold brigand
             ... wielding a +1 dagger of venom
              (7 damage)
             ... in a sewer.
             The game lasted 00:06:45 (2783 turns).

purpskrrrp the Shooter (Formicid Hunter)            Turns: 2783, Time: 00:06:45

Health: 0/44       AC:  3    Str: 16    XL:     6   Next: 74%
Magic:  6/6        EV: 12    Int:  8    God:    Hepliaklqana [......]
Gold:   231        SH:  0    Dex: 19    Spells: 5/5 levels left

rFire   + . .      SeeInvis +    a - +2 shortbow (vorpal)
rCold   + . .      Faith    .    (no shield)
rNeg    . . .      Spirit   .    c - +0 leather armour
rPois   +          Reflect  .    (helmet unavailable)
rElec   +          Harm     .    (no cloak)
rCorr   +          Rampage  .    (no gloves)
Will    .....                    (no boots)
Stlth   ++........               (no amulet)
HPRegen 0.27/turn                k - ring of poison resistance
MPRegen 0.10/turn                (no ring)

@: mighty, lethally poisoned (0 -> -5), resistant
A: permanent stasis, dig shafts and tunnels, antennae 3, four strong arms
a: Dig, Renounce Religion


You were in a sewer.
You worshipped Hepliaklqana.
Hepliaklqana was noncommittal.
You visited 2 branches of the dungeon, and saw 5 of its levels.
You also visited: Sewer.

You collected 231 gold pieces.

Inventory:

Hand Weapons
 a - a +2 vorpal shortbow (weapon)
Armour
 c - a +0 leather armour (worn)
Jewellery
 k - a ring of poison resistance (left hand)
Scrolls
 b - 2 scrolls of immolation
 e - a scroll of identify
 g - a scroll of torment
 i - 2 scrolls of teleportation
Potions
 d - a potion of attraction
 f - a potion of might
 h - 3 potions of haste
 l - a potion of flight
 m - a potion of heal wounds {unknown}


   Skills:
 - Level 2.1 Fighting
 + Level 7.5 Ranged Weapons
 - Level 1.7 Dodging
 - Level 1.2 Stealth


You had 5 spell levels left.
You didn't know any spells.
Your spell library contained the following spells:

 Spells                   Type           Power      Damage    Failure   Level
 Kiss of Death            Conj/Necr      0%         2d5       47%         1
 Magic Dart               Conj           0%         1d3       47%         1
 Sting                    Tmut/Pois      0%         1d3       47%         1
 Momentum Strike          Conj/Tloc      0%         3d8       63%         2
 Poisonous Vapours        Pois/Air       0%         N/A       63%         2
 Searing Ray              Conj           0%         2d4       63%         2
 Dazzling Flash           Conj/Hex       0%         N/A       85%         3
 Lesser Beckoning         Tloc           0%         N/A       85%         3
 Vampiric Draining        Necr           0%         2d6       85%         3
 Fulminant Prism          Conj/Hex       0%         3d5       99%         4
 Olgreb's Toxic Radiance  Pois           0%         N/A       99%         4
 Agony                    Necr           0%         N/A       100%        5
 Blade Hands              Tmut           0%         N/A       100%        5
 Irradiate                Conj/Tmut      0%         3d11      100%        5
 Silence                  Hex/Air        0%         N/A       100%        5
 Dragon Form              Tmut           0%         N/A       100%        7
 Borgnjor's Revivificati  Necr           0%         N/A       100%        8
 Necromutation            Tmut/Necr      0%         N/A       100%        8
 Fire Storm               Conj/Fire      0%         5d1       100%        9
 Blink                    Tloc           Unusable   N/A       N/A         2

Dungeon Overview and Level Annotations

Branches:
Dungeon (4/15)             Temple (1/1) D:4           Sewer (1/1)

Altars:
Cheibriados
Dithmenos
Elyvilon
Fedhas
Gozag
Hepliaklqana
Makhleb
Nemelex Xobeh
Ru
Sif Muna
Uskayaw
Vehumet
Wu Jian
Yredelemnul
Zin
The Shining One


Innate Abilities, Weirdness & Mutations

You cannot be hasted, slowed, berserked, paralysed or teleported.
You can dig through walls and to a lower floor.
You have a pair of large antennae on your head. (SInv)
Your four strong arms can wield two-handed weapons with a shield.


Message History

You shoot an arrow.
The arrow closely misses the kobold brigand.
The kobold brigand hits you with a +1 dagger of venom.
The kobold hits you with a +0 dagger.
The kobold brigand hits you with a +0 club.
You are too injured to fight recklessly!
You are too injured to fight recklessly!
You are too injured to fight recklessly!
You are too injured to fight recklessly!
You are too injured to fight recklessly!
You are too injured to fight recklessly!
You are too injured to fight recklessly!
You are too injured to fight recklessly!
You are too injured to fight recklessly!
You are too injured to fight recklessly!
You are too injured to fight recklessly!
You are too injured to fight recklessly!
You are too injured to fight recklessly!
You are too injured to fight recklessly!
You are too injured to fight recklessly!
You are too injured to fight recklessly!
You are too injured to fight recklessly!
You are too injured to fight recklessly!
You are too injured to fight recklessly!
You are too injured to fight recklessly!
You are too injured to fight recklessly!
You are too injured to fight recklessly!
It was a potion of might.
You feel very mighty all of a sudden.
The kobold brigand hits you with a +1 dagger of venom.
You are poisoned.
The kobold barely misses you.
The kobold brigand hits you with a +0 club.
* * * LOW HITPOINT WARNING * * *
It was a potion of resistance.
You feel protected.
* * * LOW HITPOINT WARNING * * *
You feel sick.
The kobold brigand hits you with a +1 dagger of venom!
You die...

#....~≈≈≈≈≈##...#
#.....~≈≈≈≈≈##..#
.†...~≈≈≈≈≈~##..##
....~~~≈≈≈≈≈#....#
†...~≈≈≈≈≈≈≈~....##
#....≈≈≈≈≈≈~~.....#
#....≈≈≈≈≈≈~~~~...#
#...~≈≈≈≈≈≈≈~~~...#
##...~≈≈≈≈≈≈≈≈.K@K#
###'###≈≈≈≈≈≈###K##
#..)..#≈≈≈≈≈≈


.KK #.....#≈≈≈≈≈≈ ..... ##...##≈≈≈≈≈≈##...## #.....# ?...! #..#..# ![#)! #######
### ### ≈≈≈≈≈≈≈≈ You could see 2 kobold brigands and 3 kobolds.

Vanquished Creatures
  A water moccasin (D:4)
  5 adders
  8 river rats
  An ufetubus (D:4)
  2 worms (D:2)
  2 orcs (D:4)
  4 endoplasms
  6 giant cockroaches
  4 goblins
  7 hobgoblins
  3 jackals (D:4)
  11 kobolds
  A quokka (D:4)
  10 ball pythons
  5 bats
  8 frilled lizards
  21 rats
99 creatures vanquished.

Notes
Turn   | Place    | Note
-------+----------+-------------------------------------------
     0 | D:1      | purpskrrrp the Formicid Hunter began the quest for the Orb.
     0 | D:1      | Reached XP level 1. HP: 16/16 MP: 1/1
    93 | D:1      | Got Kikubaaqudgha's Vellum of Maleficent Arts
   237 | D:1      | Reached XP level 2. HP: 22/22 MP: 2/2
   295 | D:1      | Got Tacalead's Precepts of the Shrike
   801 | D:2      | Reached XP level 3. HP: 27/27 MP: 3/3
  1061 | D:2      | Reached skill level 5 in Ranged Weapons
  1729 | D:3      | Found a faded altar of an unknown god.
  1993 | D:4      | Reached XP level 4. HP: 33/33 MP: 4/4
  2000 | D:4      | Found a staircase to the Ecumenical Temple.
  2020 | Temple   | Entered the Ecumenical Temple
  2115 | Temple   | Became a worshipper of Hepliaklqana the Forgotten
  2267 | D:4      | Noticed a water moccasin
  2273 | D:4      | Killed a water moccasin
  2274 | D:4      | Reached skill level 6 in Ranged Weapons
  2274 | D:4      | Reached XP level 5. HP: 37/38 MP: 5/5
  2406 | D:4      | Found a glowing drain.
  2408 | D:4      | Reached XP level 6. HP: 44/44 MP: 6/6
  2416 | Sewer    | Entered a sewer
  2518 | Sewer    | Reached skill level 7 in Ranged Weapons
  2783 | Sewer    | Slain by a kobold brigand

Illustrated notes

Levels and vault maps discovered:
D:1:      co_arrival_random_square_maze, layout_loops_ring, dk_noncrumbling_2
D:2:      layout_basic
D:3:      layout_rooms, dreamdust_ecumenical_altar_angels_and_demons,
          st_stairs_11, kennysheep_another_room
D:4:      minmay_bubble_buster, layout_loops_ring, minmay_temple_entry_waves,
          serial_shops, shop, portal_sewer_entry_e
Temple:   nicolae_temple_superstar
Sewer:    sewer_minmay_treatment

Skill      XL: |  1  2  3  4  5  6 |
---------------+-------------------+-----
Ranged Weapons | 5 6 7 |  7.5
Fighting       | |  2.1
Dodging        | |  1.7
Stealth        | |  1.2

Action                   |  1- 3 |  4- 6 || total
-------------------------+-------+-------++-------
 Fire: Shortbow          |    76 |   123 ||   199
  Use: Scroll            |    10 |     1 ||    11
       Potion            |       |     2 ||     2
Armor: Leather armour    |     5 |    13 ||    18
Dodge: Dodged            |     7 |    36 ||    43

Table legend: (Time is in decaauts)
 A = Elapsed time spent in this place.
 B = Non-inter-level travel time spent in this place.
 C = Inter-level travel time spent in this place.
 D = Time resting spent in this place.
 E = Time spent auto-exploring this place.
 F = Levels seen in this place.
 G = Mean time per level.
                   A        B        C        D        E       F      G
               +--------+--------+--------+--------+--------+-----+--------+
         Total |   2836 |   2722 |    114 |     34 |   1946 |   6 |  472.7 |
       Dungeon |   2336 |   2222 |    114 |     19 |   1698 |   4 |  584.0 |
        Temple |    114 |    114 |      0 |      0 |     73 |   1 |  114.0 |
         Sewer |    384 |    384 |      0 |     15 |    175 |   1 |  384.0 |
               +--------+--------+--------+--------+--------+-----+--------+

Top non-repeatable levels by time:
     D:2: 757 daAuts
     D:1: 687 daAuts
     D:3: 541 daAuts
   Sewer: 384 daAuts
     D:4: 349 daAuts
  Temple: 114 daAuts
